Map: [ESL] Data-C

Players

MaxPax - Winner!

  • Race: Protoss Protoss
  • League: Grandmaster
  • Spawn Location: 3:00

Reynor

  • Race: Zerg Zerg
  • League: Master
  • Spawn Location: 9:00

VOD

Have the link to the VOD?

Description

Time

  • Played on: Nov. 4, 2022, 10:24 a.m.
  • Length: 10:55
Show
View Real Time Build Order
Export as new Build Order

MaxPax Protoss - Winner!

Build Orders: 1 Gate Expand, Mass Adepts 

Get SALT Encoding   

  12  0:00  Probe  
  13  0:12  Probe  
  14  0:19  Pylon  
  14  0:24  Probe  
  15  0:37  Probe (Chrono Boost)  
  15  0:39  Gateway  
  16  0:47  Probe (Chrono Boost)  
  16  0:49  Assimilator  
  17  0:52  Probe (Chrono Boost)  
  18  1:04  Probe  
  19  1:16  Probe  
  20  1:27  Nexus  
  20  1:35  Cybernetics Core  
  20  1:39  Probe  
  21  1:45  Assimilator  
  21  1:51  Probe  
  22  1:56  Pylon  
  22  2:04  Probe  
  23  2:11  Adept (Chrono Boost)  
  23  2:13  Warp Gate  
  25  2:16  Probe  
  26  2:28  Twilight Council, Probe  
  27  2:31  Stalker (Chrono Boost)  
  29  2:41  Probe (Chrono Boost)  
  31  2:45  Probe (Chrono Boost)  
  31  2:51  Probe (Chrono Boost)  
  32  2:53  Gateway  
  32  2:55  Probe (Chrono Boost)  
  32  2:56  Probe (Chrono Boost)  
  34  3:02  Adept  
  34  3:05  Probe  
  37  3:07  Probe  
  37  3:08  Resonating Glaives (Chrono Boost)  
  38  3:15  Gateway  
  38  3:17  Probe  
  40  3:20  Probe  
  40  3:25  Pylon  
  40  3:29  Probe  
  40  3:32  Robotics Facility, Probe  
  42  3:41  Probe  
  42  3:46  Probe  
  44  3:49  Assimilator  
  44  3:52  Pylon  
  44  3:54  Probe  
  45  3:58  Probe  
  45  4:02  Adept x2  
  50  4:06  Probe  
  50  4:09  Adept  
  53  4:10  Probe  
  53  4:11  Pylon  
  54  4:19  Warp Prism  
  54  4:22  Pylon  
  54  4:23  Adept x2  
  60  4:28  Robotics Bay  
  60  4:33  Adept  
  60  4:35  Probe x2  
  60  4:36  Assimilator  
  64  4:49  Adept x2  
  64  4:50  Probe  
  69  4:53  Probe  
  69  4:55  Observer, Pylon  
  69  4:56  Adept  
  73  5:04  Pylon  
  73  5:14  Adept x2, Disruptor (Chrono Boost)  
  73  5:16  Adept  
  82  5:23  Gravitic Drive  
  82  5:32  Probe  
  82  5:35  Probe  
  84  5:40  Disruptor (Chrono Boost), Adept x3  
  82  5:44  Probe  
  82  5:47  Probe  
  86  6:00  Probe  
  85  6:06  Observer  
  83  6:11  Adept x3  
  88  6:20  Blink (Chrono Boost)  
  88  6:24  Probe x2  
  90  6:26  Forge  
  90  6:27  Nexus  
  90  6:29  Pylon  
  90  6:30  Pylon  
  90  6:34  Adept x2  
  94  6:47  Probe x2  
  94  6:49  Gateway  
  94  6:51  Gateway  
  94  6:53  Shield Battery, Observer, Gateway  
  96  6:59  Probe x2  
  98  7:07  Protoss Ground Weapons Level 1 (Chrono Boost)  
  96  7:11  Probe x2  
  84  7:23  Probe x2  
  84  7:29  Disruptor (Chrono Boost)  
  80  7:34  Stalker x3  
  80  7:35  Probe x2  
  87  7:38  Gateway  
  87  7:42  Gateway  
  87  7:45  Probe  
  87  7:47  Assimilator, Stalker x2  
  87  7:48  Probe x2, Assimilator  
  87  7:51  Pylon  
  94  7:57  Probe  
  95  7:58  Stalker x3  
  95  7:59  Stalker  
  103  8:06  Photon Cannon  
  103  8:11  Probe  
  104  8:14  Stalker x2  
  108  8:28  Observer  
  108  8:29  Stalker x4  
  116  8:34  Nexus  
  116  8:50  Stalker x4  
  116  8:55  Pylon  
  125  8:57  Stalker x4  
  125  9:01  Pylon  
  132  9:04  Probe  
  133  9:10  Templar Archives  
  133  9:13  Probe x2  
  135  9:19  Adept x2  
  135  9:20  Adept x2  
  141  9:25  Probe, Stalker  
  141  9:29  Stalker x2  
  146  9:36  Stalker  
  146  9:37  Probe x2  
  148  9:40  Probe  
  149  9:49  Probe x2  
  149  9:50  Probe  
  149  9:52  Probe  
  145  10:00  Stalker x3  
  145  10:01  Stalker x2  
  145  10:04  Disruptor  
  152  10:08  Probe  
  152  10:09  Stalker  
  152  10:12  Photon Cannon  
  153  10:24  Stalker x6  
  159  10:29  Probe  
  159  10:31  Probe  
  159  10:32  Probe  
Show
View Real Time Build Order
Export as new Build Order

Reynor Zerg 

Build Orders: Hatch First 

Get SALT Encoding   

  12  0:00  Drone  
  13  0:11  Overlord  
  13  0:16  Drone  
  14  0:30  Drone x2  
  16  0:35  Drone  
  17  0:52  Hatchery  
  17  0:54  Drone  
  17  0:58  Drone  
  18  1:09  Extractor  
  17  1:12  Spawning Pool  
  17  1:16  Drone  
  17  1:20  Drone  
  18  1:28  Drone  
  19  1:38  Drone  
  20  1:49  Overlord  
  20  1:59  Queen  
  22  2:04  Queen  
  22  2:05  Zergling x4  
  26  2:11  Drone  
  26  2:15  Drone  
  28  2:21  Metabolic Boost  
  28  2:23  Drone  
  30  2:30  Drone  
  30  2:38  Hatchery  
  30  2:40  Zergling x2  
  30  2:45  Zergling x2  
  30  2:47  Overlord  
  30  2:50  Drone  
  32  2:55  Drone  
  33  2:58  Drone  
  33  3:04  Queen  
  36  3:06  Drone  
  36  3:08  Drone  
  36  3:10  Spore Crawler  
  36  3:11  Drone  
  39  3:15  Overlord  
  39  3:16  Drone x2  
  39  3:19  Drone  
  42  3:25  Queen  
  44  3:29  Overlord  
  44  3:33  Drone  
  45  3:36  Drone  
  45  3:39  Queen  
  48  3:42  Drone  
  48  3:47  Drone  
  50  3:52  Drone  
  50  3:53  Roach Warren  
  50  3:54  Drone  
  51  3:58  Drone  
  51  4:01  Overlord  
  51  4:02  Queen  
  52  4:08  Drone  
  55  4:13  Zergling x10  
  60  4:18  Overlord  
  60  4:23  Zergling x8  
  63  4:27  Overlord  
  63  4:34  Roach x2  
  63  4:36  Roach  
  69  4:39  Roach  
  69  4:44  Roach  
  73  4:45  Spore Crawler  
  73  4:47  Spore Crawler x2, Drone  
  73  4:48  Drone  
  73  4:50  Drone  
  73  4:51  Roach  
  75  4:54  Roach  
  75  4:56  Roach  
  75  4:59  Overlord  
  79  5:01  Drone  
  79  5:02  Drone  
  79  5:05  Drone x2  
  83  5:08  Drone  
  83  5:11  Roach  
  83  5:13  Overlord  
  86  5:17  Roach x2  
  90  5:21  Overlord  
  90  5:31  Roach x2  
  90  5:32  Overlord  
  92  5:41  Drone x3  
  92  5:42  Drone  
  92  5:44  Queen  
  92  5:46  Queen  
  92  5:48  Roach  
  92  5:49  Zergling x2, Roach  
  101  5:50  Extractor  
  101  5:54  Queen  
  101  5:55  Overlord  
  102  5:57  Overlord  
  94  6:07  Roach x2  
  94  6:08  Drone  
  94  6:09  Drone  
  100  6:18  Drone x3, Overlord  
  99  6:20  Drone  
  99  6:21  Drone  
  104  6:28  Drone  
  104  6:31  Lair  
  104  6:32  Drone  
  106  6:33  Drone  
  106  6:39  Drone  
  106  6:41  Roach  
  106  6:43  Zergling x2  
  106  6:44  Zergling x2  
  106  6:45  Zergling x4  
  111  6:49  Overlord  
  110  6:57  Drone x4  
  110  6:58  Drone  
  110  7:00  Queen  
  117  7:05  Overlord  
  102  7:11  Drone x2  
  102  7:14  Drone x2  
  106  7:15  Overlord  
  106  7:17  Drone x2  
  106  7:18  Drone  
  100  7:23  Overlord  
  100  7:24  Drone x2  
  100  7:28  Drone  
  99  7:31  Overlord  
  99  7:32  Drone  
  99  7:36  Drone  
  96  7:38  Baneling Nest, Queen, Evolution Chamber  
  96  7:40  Drone x2  
  96  7:41  Drone x2  
  100  7:46  Glial Reconstitution  
  100  7:47  Drone x2, Hatchery  
  100  7:50  Drone, Overlord  
  100  7:51  Drone x2  
  104  7:52  Drone  
  104  7:54  Zergling x6  
  108  7:59  Zergling x2  
  108  8:00  Extractor  
  108  8:01  Zergling x2  
  108  8:03  Zergling x2  
  108  8:04  Overseer  
  110  8:08  Extractor  
  110  8:09  Drone, Zerg Melee Weapons Level 1  
  110  8:10  Drone x2, Extractor  
  110  8:11  Zergling x2  
  112  8:13  Roach  
  112  8:14  Roach  
  112  8:17  Extractor  
  112  8:19  Roach x3  
  121  8:23  Zergling x2, Roach x3  
  121  8:26  Zergling x4  
  130  8:32  Zergling x2  
  131  8:36  Zergling x2  
  131  8:38  Zergling x2  
  125  8:41  Drone x2  
  125  8:42  Drone  
  125  8:45  Drone  
  125  8:47  Zergling x4  
  126  8:49  Drone x2  
  126  8:52  Zergling x8  
  133  8:55  Zergling x2  
  133  8:57  Evolution Chamber  
  133  9:02  Drone x2  
  134  9:03  Drone  
  134  9:04  Zergling x2  
  134  9:08  Overlord  
  134  9:09  Roach x2  
  140  9:11  Roach  
  140  9:12  Queen  
  140  9:15  Baneling, Roach x2  
  140  9:16  Baneling x5  
  146  9:20  Zergling x6, Roach x3  
  149  9:26  Zergling x4, Roach  
  138  9:32  Roach x2  
  138  9:37  Zergling x6  
  138  9:38  Zergling x4  
  144  9:39  Zergling x4  
  144  9:42  Zergling x2  
  145  9:46  Zergling x6  
  145  9:47  Zergling x4  
  145  9:48  Zergling x2  
  151  9:54  Hatchery  
  151  9:55  Zergling x2  
  151  9:56  Zergling x2  
  151  9:59  Zergling x2  
  128  10:00  Zergling x2  
  125  10:07  Zergling x2  
  125  10:11  Zergling x4  
  127  10:16  Zergling x2, Roach x2  
  127  10:17  Zergling x2  
  124  10:23  Zergling x2, Roach  
  124  10:27  Zergling x2  
  111  10:33  Roach x2  
Tags
 
Add a new tag
Caveats
  • Supply blocks, unpowered buildings, or Contaminate may cause inaccurate times.
  • Supply counts are checked every 10 seconds.